 Dungeon Crawl Stone Soup version 0.28-a0-863-g8cecda6153 (console) character file.

Game seed: 5948014007377455638

263761 jejorda2 the Warrior (level 20, -8/132 HPs)
             Began as a Gargoyle Berserker on Nov 17, 2021.
             Was a High Priest of Trog.
             Mangled by a phantasmal warrior (20 damage)
             ... summoned by a vampire mage
             ... while paralysed by a vampire knight
             ... on level 2 of the Vaults.
             The game lasted 02:18:55 (45232 turns).

jejorda2 the Warrior (Gargoyle Berserker)          Turns: 45232, Time: 02:18:56

Health: -8/132     AC: 57    Str: 32    XL:     20   Next: 3%
Magic:  20/20      EV:  2    Int: 12    God:    Trog [*****.]
Gold:   2822       SH:  0    Dex: 10    Spells: 19/19 levels left

rFire   + . .      SeeInvis +   a - +9 eveningstar (vorpal)
rCold   + . .      Faith    +   W - +2 kite shield {rC+}
rNeg    + . .      Spirit   .   U - +0 crystal plate armour {rC+}
rPois   ∞          Reflect  .   M - +2 helmet
rElec   +          Harm     .   o - +2 cloak
rCorr   .          Rampage  .   V - +2 pair of gloves {archery}
Will    .....                   i - +1 pair of boots of Autotheism {rF+ rC- Str+4 SInv}
Stlth   ..........              p - amulet of faith
HPRegen 0.32/turn               H - +4 ring of protection
MPRegen 0.17/turn               N - ring of Noklu {EV+4 Int+3}

@: paralysed, weak-willed, flying
A: sickness immunity, AC +15, big wings, negative energy resistance 1,
electricity resistance, torment resistance 1, petrification resistance
}: 2/15 runes: decaying, serpentine
a: Renounce Religion, Berserk, Trog's Hand, Brothers in Arms


You were on level 2 of the Vaults.
You worshipped Trog.
Trog was extremely pleased with you.
You visited 6 branches of the dungeon, and saw 33 of its levels.
You also visited: Ossuary and Ice Cave.

You collected 4332 gold pieces.
You spent 1510 gold pieces at shops.

Inventory:

Hand Weapons
 a - a +9 vorpal eveningstar (weapon)
Missiles
 c - 8 boomerangs
 d - 1136 stones
 j - 15 atropa-tipped darts
 q - 6 throwing nets
 w - 87 poisoned darts (quivered)
 P - 2 silver javelins
 R - 10 javelins
 S - 4 curare-tipped darts
Armour
 i - the +1 pair of boots of Autotheism (worn) {rF+ rC- Str+4 SInv}
   (You acquired it on level 12 of the Dungeon)

   Str:       It affects your strength (+4).
   rF:        It protects you from fire.
   rC:        It makes you vulnerable to cold.
   SInv:      It lets you see invisible.
 o - a +2 cloak (worn)
 M - a +2 helmet (worn)
 U - a +0 crystal plate armour of cold resistance (worn)
 V - a +2 pair of gloves of archery (worn)
 W - a +2 kite shield of cold resistance (worn)
Jewellery
 k - a ring of fire
 p - an amulet of faith (around neck)
 H - a +4 ring of protection (left hand)
 N - the ring of Noklu (right hand) {EV+4 Int+3}
   (You found it on level 5 of the Lair of Beasts)

   [ring of evasion]

   EV:        It affects your evasion (+4).
   Int:       It affects your intelligence (+3).
Wands
 n - a wand of acid (18)
 s - a wand of iceblast (31)
 v - a wand of charming (12)
 y - a wand of polymorph (10)
 G - a wand of flame (68)
 K - a wand of paralysis (35)
 L - a wand of mindburst (37)
Scrolls
 b - 4 scrolls of identify
 f - 12 scrolls of teleportation
 g - 3 scrolls of summoning
 t - a scroll of silence
 D - 3 scrolls of holy word
 I - 6 scrolls of magic mapping
 J - 5 scrolls of fear
 O - 4 scrolls of fog
Potions
 e - 11 potions of heal wounds
 h - 5 potions of invisibility
 l - 15 potions of curing
 m - a potion of magic
 r - 7 potions of might
 u - 4 potions of ambrosia
 x - a potion of cancellation
 z - 4 potions of mutation
 A - 3 potions of resistance
 B - 5 potions of attraction
 X - 2 potions of haste
Miscellaneous
 E - a condenser vane
 Q - a lightning rod (4/4)
 T - a tin of tremorstones (2/2)
 Y - a phial of floods


   Skills:
 + Level 16.5 Fighting
 - Level 16.0 Maces & Flails
 - Level 16.0 Throwing
 - Level 16.0 Armour
 - Level 6.0 Dodging
 - Level 5.9 Stealth
 + Level 15.6 Shields
 * Level 8.2 Evocations


You had 19 spell levels left.
You didn't know any spells.
Your spell library was empty.

Dungeon Overview and Level Annotations

Branches:
Dungeon (15/15)            Temple (0/1) D:7            Lair (6/6) D:8
  Swamp (4/4) Lair:3        Snake (4/4) Lair:2        Slime (0/5) Lair:6
    Orc (2/2) D:12            Elf (0/3) Orc:2        Vaults (2/5) D:14
 Depths (0/4) D:15        Ossuary (visited)           IceCv (visited)
  Crypt: Vaults:2-3

Altars:
Ashenzari
Cheibriados
Dithmenos
Fedhas
Hepliaklqana
Makhleb
Ru
Sif Muna
Trog
Vehumet
Wu Jian
Xom
Zin
The Shining One

Shops:
D:9 :   Orc:1 *   Orc:2 *(*?   Snake:1 *   Snake:4 ==:   Vaults:1 (

Annotations:
Lair:4 2 transporters, Daelid's ghost, journeyman MfGl
Swamp:2 1 exclusion


Innate Abilities, Weirdness & Mutations

You are immune to sickness and miasma.
Your stone body is resilient. (AC +15)
You are immune to poison.
Your large and strong wings let you fly.
You resist negative energy. (rN+)
You are resistant to electric shocks. (rElec)
You are resistant to unholy torment.
You are immune to petrification.


Message History

The yaktaur captain hits you but does no damage.
The jiangshi claws you but does no damage. x2
The vampire knight hits you but does no damage.
The vampire knight bites you. The jiangshi claws you! x2
The phantasmal warrior hits you but does no damage.
The yaktaur captain hits you.
The vampire knight hits you but does no damage.
The vampire knight bites you but does no damage.
The vampire mage gestures wildly while chanting.
The jiangshi claws you but does no damage. x2
The curse skull rattles its jaw.
The jiangshi disappears in a puff of smoke!
The flayed ghost disappears in a puff of smoke!
The jiangshi disappears in a puff of smoke!
The jiangshi claws you but does no damage. x2
The vampire knight hits you but does no damage.
The vampire knight bites you but does no damage.
The phantasmal warrior hits you!! The yaktaur captain hits you.
The curse skull calls on the powers of darkness!
Your body is wracked with pain!
The yaktaur captain convulses!
The wight hits you from afar with a +3 halberd.
* * * LOW HITPOINT WARNING * * *
The vampire knight barely misses you.
The vampire knight bites you but does no damage.
The curse skull calls on the powers of darkness!
Your body is wracked with pain!
* * * LOW HITPOINT WARNING * * *
The yaktaur captain convulses!
The phantasmal warrior hits you but does no damage.
The yaktaur captain hits you.
* * * LOW HITPOINT WARNING * * *
The vampire knight hits you with a +0 great mace!
* * * LOW HITPOINT WARNING * * *
The vampire knight bites you but does no damage.
The wight hits you but does no damage.
The vampire knight hits you but does no damage.
The vampire knight bites you but does no damage.
The phantasmal warrior hits you!!
You die...

..######################....#####
..# #....# ..# #....# ..# #....#
..# #....# ..#
##############....# ..#
#...WWzWn...##....#
#.#.ZVWVz.#.##....#
#.zVWc@Z....##....#
#.VM8###8...##....# #..W
##...##....# #.Z. #...##....#
#...# ##...##....#
#...8###8...##....#
#...........##....#
#.#.......#.##....#
#...........##....#


You could see a yaktaur captain, a vampire knight (fast), a jiangshi (summoned),
2 flayed ghosts, a vampire mage (invisible), a shadow wraith (summoned,
invisible), a curse skull, a phantasmal warrior (summoned), a freezing wraith, a
vampire (summoned), a necrophage (summoned), a shadow (summoned, invisible), a
mummy (summoned), 2 wights, a yaktaur captain simulacrum (summoned), a tengu
reaver simulacrum (summoned) and a tengu reaver zombie (summoned).

Vanquished Creatures
  Saint Roka (Orc:2)
  Vashnia (Snake:4)
  Jorgrun (D:13)
  3 tentacled monstrosities (Swamp:4)
  Rupert (D:14)
  Frances (D:14)
  Kirke (Lair:4)
  Donald (Snake:4)
  A thorn hunter (Swamp:2)
  A fenstrider witch (Swamp:2)
  3 nagarajas (Snake:4)
  An orc warlord (Vaults:2)
  6 vault wardens
  Aizul (Snake:3)
  The ghost of browni3141 the Fighter, a journeyman DjFE of Makhleb (Lair:6)
  2 ironbound preservers (Vaults:2)
  3 very ugly things (Vaults:1)
  9 dire elephants (Vaults:1)
  2 entropy weavers
  7 bunyips
  A white draconian (IceCv)
  A minotaur (Lair:6)
  An ettin (Vaults:2)
  Snorg (D:11)
  6 eleionomae
  4 fire dragons
  Harold (D:15)
  2 yaktaur captains
  A great orb of eyes (Vaults:2)
  2 ironbound thunderhulks (Vaults:1)
  25 hydras
  2 vault guards (Vaults:1)
  A shambling mangrove (Swamp:3)
  2 salamander tyrants (Snake:4)
  16 naga warriors
  2 boulder beetles
  An ice dragon (Lair:5)
  3 ironbound frosthearts
  3 ogre magi
  A ghost crab (Swamp:3)
  12 two-headed ogres
  2 catoblepae (Lair:6)
  17 centaur warriors
  9 anacondas
  A deep troll shaman (Lair:6)
  4 alligators
  A death yak (Lair:6)
  A tengu warrior (D:13)
  13 naga sharpshooters
  An orc high priest (Orc:2)
  A shock serpent (Snake:3)
  Urug (D:15)
  A titan skeleton (D:15)
  A deep elf knight (D:15)
  2 fire crabs
  3 salamander mystics (Snake:4)
  2 skeletal warriors
  2 goliath frogs (Swamp:2)
  10 swamp dragons
  7 spriggan druids
  3 bog bodies
  5 deep trolls (Vaults:2)
  6 ironbound convokers
  6 naga ritualists
  5 lindwurms
  A phantasmal warrior (D:15)
  4 wizards
  5 mana vipers
  2 necromancers
  6 orc knights
  A deep elf zephyrmancer (D:14)
  6 orc sorcerers
  A stone giant zombie (D:15)
  30 ugly things
  2 will-o-the-wisps
  8 cyclopes
  3 elephants (Lair:6)
  A manticore (D:14)
  10 salamanders
  6 guardian serpents
  13 naga magi
  Maurice (D:9)
  26 black mambas
  2 ice statues (IceCv)
  10 vault sentinels
  A gargoyle (D:12)
  Maggie (D:9)
  19 cane toads
  2 torpor snails (Lair:6)
  A yaktaur zombie (Vaults:2)
  7 rime drakes
  2 unseen horrors
  2 tengu conjurers
  2 freezing wraiths (D:15)
  12 komodo dragons
  9 yaktaurs
  3 kobold demonologists
  A guardian mummy (D:15)
  A human skeleton (Vaults:2)
  A spriggan skeleton (D:15)
  A jumping spider (Vaults:1)
  7 trolls
  4 polar bears
  12 hornets
  10 tyrant leeches
  17 blink frogs
  A dream sheep (Lair:4)
  18 slime creatures
  A human simulacrum (Vaults:2)
  Sigmund (D:5)
  A centaur simulacrum (D:12)
  11 spriggans
  An ettin skeleton (D:15)
  5 redbacks
  30 yaks
  4 shadows
  2 vampires (D:12)
  5 wraiths (D:12)
  14 vampire mosquitoes
  6 basilisks
  3 steam dragons (Swamp:3)
  2 wargs (Orc:1)
  13 swamp worms
  Edmund (D:5)
  An acid dragon (D:9)
  31 nagas
  20 water moccasins
  A hornet zombie (D:5)
  14 orc warriors
  8 swamp drakes
  2 ice beasts
  7 ogres
  2 sky beasts (D:6)
  5 black bears
  16 wolves
  A necrophage (D:6)
  12 centaurs
  4 kobold brigands
  2 phantoms
  12 bullfrogs
  A gnoll sergeant (D:8)
  2 wyvern zombies
  4 scorpions
  2 troll zombies (D:12)
  8 killer bees (D:9)
  A lindwurm simulacrum (IceCv)
  6 wights
  5 howler monkeys
  2 electric eels
  6 centaur zombies
  2 human zombies (Ossuary)
  A lava snake (Swamp:4)
  6 komodo dragon simulacra (IceCv)
  3 jellies
  A centaur skeleton (D:7)
  3 hounds (D:8)
  20 orc priests
  Crazy Yiuf (D:2)
  4 iguanas
  36 orc wizards
  2 killer bee zombies
  6 ogre zombies (D:12)
  3 hound zombies (Ossuary)
  3 mummies (Ossuary)
  5 adders
  13 gnolls
  6 acid dragon simulacra (IceCv)
  A river rat (D:8)
  2 shadow imps
  6 white imps
  8 steam dragon simulacra (IceCv)
  An adder skeleton (D:4)
  An adder zombie (Ossuary)
  A worm (D:3)
  4 dart slugs
  43 orcs
  5 endoplasms
  A giant cockroach (D:1)
  A gnoll zombie (Ossuary)
  A hobgoblin (D:3)
  17 kobolds
  3 quokkas
  7 ball pythons
  3 bats
  A frilled lizard (D:1)
  5 goblins
  A goblin skeleton (D:12)
  8 goblin zombies
  5 hobgoblin zombies
  4 jackal zombies (Ossuary)
  2 kobold zombies (Ossuary)
  5 orc skeletons (D:12)
  12 orc zombies
  6 quokka zombies (Ossuary)
  3 rats
  5 rat zombies (Ossuary)
  A spectral kobold (D:7)
  A briar patch (Swamp:2)
1065 creatures vanquished.

Vanquished Creatures (collateral kills)
  Louise (D:14)
  An ironbound preserver (Vaults:2)
  Josephine (D:11)
  A yaktaur captain (Vaults:2)
  3 hydras
  A centaur warrior (D:14)
  2 two-headed ogres (D:14)
  5 death yaks (Lair:6)
  A skeletal warrior (D:12)
  3 deep trolls (Vaults:2)
  A deep elf pyromancer (D:12)
  8 ugly things (D:14)
  A cyclops (D:14)
  A vault sentinel (Vaults:2)
  3 yaktaurs
  A slime creature (Vaults:2)
  A vampire mosquito (D:14)
  An orc warrior (Orc:2)
  3 ogres
  A bullfrog (Lair:1)
  4 electric eels (D:8)
  A gnoll shaman (D:8)
  4 gnolls (D:8)
  2 orcs (Orc:2)
51 creatures vanquished.

Vanquished Creatures (others)
  A naga warrior (Snake:4)
  2 vampires
  2 swamp drakes (Swamp:4)
  3 centaurs
  8 foxfires
  32 fungi
  59 plants
  13 withered plants (D:15)
120 creatures vanquished.

Grand Total: 1236 creatures vanquished

Notes
Turn   | Place    | Note
-------+----------+-------------------------------------------
     0 | D:1      | jejorda2 the Gargoyle Berserker began the quest for the
                  | Orb.
     0 | D:1      | Reached XP level 1. HP: 14/14 MP: 1/1
   224 | D:1      | Reached XP level 2. HP: 19/19 MP: 2/2
   380 | D:1      | Found a faded altar of an unknown god.
   721 | D:2      | Reached XP level 3. HP: 22/23 MP: 3/3
   934 | D:2      | Reached ** piety under Trog
  1340 | D:2      | Found a runed translucent door.
  1341 | D:2      | Noticed Crazy Yiuf
  1349 | D:2      | Killed Crazy Yiuf
  1350 | D:2      | Reached XP level 4. HP: 29/29 MP: 4/4
  2812 | D:4      | Found a bloodstained altar of Trog.
  2829 | D:4      | Found a shimmering blue altar of Sif Muna.
  2923 | D:4      | Reached XP level 5. HP: 33/33 MP: 5/5
  3029 | D:4      | Noticed a black bear
  3036 | D:4      | Killed a black bear
  3037 | D:4      | Reached skill level 5 in Maces & Flails
  3043 | D:4      | Identified the +2 robe of the Past {+Blink rElec Int-2
                  | Stlth+}
  3061 | D:4      | Found a sand-covered staircase.
  3065 | Ossuary  | Entered an ossuary
  3106 | Ossuary  | Reached XP level 6. HP: 39/39 MP: 6/6
  3224 | Ossuary  | Reached *** piety under Trog
  3355 | Ossuary  | Reached skill level 5 in Fighting
  3365 | Ossuary  | Reached XP level 7. HP: 44/44 MP: 7/7
  3701 | D:5      | Entered Level 5 of the Dungeon
  3750 | D:5      | Noticed Sigmund
  3852 | D:5      | Killed Sigmund
  3853 | D:5      | Reached skill level 5 in Armour
  3853 | D:5      | Reached XP level 8. HP: 51/51 MP: 8/8
  4083 | D:5      | Noticed a troll
  4096 | D:5      | Killed a troll
  4495 | D:5      | Noticed Edmund
  4506 | D:5      | Killed Edmund
  4702 | D:5      | Reached XP level 9. HP: 47/55 MP: 9/9
  4852 | D:5      | Reached **** piety under Trog
  5173 | D:6      | Reached skill level 10 in Maces & Flails
  5374 | D:6      | Identified the +7 flail of the Seven Portals {vorpal, Int-3
                  | Dex+4}
  5567 | D:6      | Identified the +7 short sword "Rinathaf" {speed, Int+4}
  6243 | D:7      | Found a sacrificial altar of Ru.
  6319 | D:7      | Found a staircase to the Ecumenical Temple.
  6418 | D:7      | Reached XP level 10. HP: 60/60 MP: 10/10
  6620 | D:7      | Found a hazy altar of Hepliaklqana.
  6668 | D:7      | Found a large runed translucent door.
  6674 | D:7      | Found a large runed translucent door.
  7141 | D:7      | Found a shadowy altar of Dithmenos.
  7154 | D:7      | Found a glowing golden altar of the Shining One.
  7263 | D:8      | Found a blossoming altar of Fedhas.
  7530 | D:8      | Found a broken altar of Ashenzari.
  7562 | D:8      | Identified a scroll of acquirement
  7562 | D:8      | Acquired a +0 buckler of reflection
  7620 | D:8      | Reached skill level 1 in Shields
  7630 | D:8      | Reached ***** piety under Trog
  7998 | D:8      | Found a staircase to the Lair.
  8340 | Lair:1   | Entered Level 1 of the Lair of Beasts
  8361 | Lair:1   | Reached XP level 11. HP: 37/66 MP: 11/11
  8377 | Lair:1   | Noticed an eight-headed hydra
  8555 | Lair:1   | Killed an eight-headed hydra
  8881 | Lair:1   | Noticed a five-headed hydra
  8893 | Lair:1   | Killed a five-headed hydra
  8992 | Lair:1   | Noticed an eight-headed hydra
  8997 | Lair:1   | Killed an eight-headed hydra
  9607 | Lair:2   | Noticed a seven-headed hydra
  9612 | Lair:2   | Killed a seven-headed hydra
  9613 | Lair:2   | Reached skill level 1 in Evocations
  9787 | Lair:2   | Reached skill level 5 in Shields
  9939 | Lair:2   | Found a staircase to the Snake Pit.
 10173 | Lair:2   | Reached XP level 12. HP: 72/76 MP: 12/12
 10239 | Lair:2   | You fall into a shaft and drop 2 floors!
 10256 | Lair:4   | Reached skill level 5 in Evocations
 10373 | Lair:2   | Noticed a six-headed hydra
 10382 | Lair:2   | Killed a six-headed hydra
 11315 | Lair:3   | Noticed a six-headed hydra
 11319 | Lair:3   | Killed a six-headed hydra
 11320 | Lair:3   | Reached skill level 1 in Throwing
 11668 | Lair:3   | Found a staircase to the Swamp.
 11819 | Lair:3   | Noticed an eight-headed hydra
 11826 | Lair:3   | Killed an eight-headed hydra
 12687 | Lair:4   | Noticed Daelid's ghost (journeyman MfGl)
 12689 | Lair:4   | Found a transporter.
 12701 | Lair:4   | Found a bloodstained altar of Trog.
 12704 | Lair:4   | Found a transporter.
 12735 | Lair:4   | Noticed Kirke
 12745 | Lair:4   | Killed Kirke
 12746 | Lair:4   | Reached XP level 13. HP: 80/80 MP: 13/13
 12985 | Lair:5   | Reached skill level 5 in Throwing
 13964 | Lair:5   | Reached skill level 5 in Dodging
 13988 | Lair:5   | Identified the ring of Noklu {EV+4 Int+3}
 14089 | Lair:5   | Noticed an ice dragon
 14108 | Lair:5   | Killed an ice dragon
 15050 | Lair:6   | Entered Level 6 of the Lair of Beasts
 15173 | Lair:6   | Found a runed translucent gate.
 15173 | Lair:6   | Found a runed translucent gate.
 15174 | Lair:6   | Found a runed translucent gate.
 15181 | Lair:6   | Identified the +2 quarterstaff "Zueduquz" {antimagic, rN+}
 15182 | Lair:6   | Noticed browni3141's ghost (journeyman DjFE)
 15182 | Lair:6   | Noticed a minotaur
 15603 | Lair:6   | Gained mutation: Your large and strong wings let you fly.
                  | [Gargoyle growth]
 15603 | Lair:6   | Reached XP level 14. HP: 85/86 MP: 14/14
 15604 | Lair:6   | Reached skill level 10 in Throwing
 16079 | Lair:6   | Found a staircase to the Slime Pits.
 17085 | Lair:6   | Found a staircase to the Slime Pits.
 17522 | Lair:6   | Killed browni3141's ghost
 18170 | D:9      | Found Eretigei's Book Emporium.
 18371 | D:9      | Found a radiant altar of Vehumet.
 18375 | D:9      | Noticed Maggie
 18385 | D:9      | Killed Maggie
 18397 | D:9      | Noticed Maurice
 18401 | D:9      | Paralysed by something for 7 turns
 18416 | D:9      | Killed Maurice
 18458 | D:9      | Found an ornate altar of the Wu Jian Council.
 18525 | D:9      | Found a glowing silver altar of Zin.
 18698 | D:10     | Entered Level 10 of the Dungeon
 19097 | D:10     | Found a burning altar of Makhleb.
 19264 | D:10     | Found a snail-covered altar of Cheibriados.
 19589 | D:11     | Found a frozen archway.
 19605 | IceCv    | Entered an ice cave
 20199 | IceCv    | Identified the +11 flail of the Tiger {flame, rPois Stlth+}
                  | (Trog gifted it to you in an ice cave)
 20199 | IceCv    | Received a gift from Trog
 20307 | IceCv    | Noticed a white draconian
 20341 | IceCv    | Killed a white draconian
 21034 | D:11     | Noticed Snorg
 21047 | D:11     | Killed Snorg
 21048 | D:11     | Reached skill level 15 in Maces & Flails
 21492 | D:12     | Noticed Josephine
 21510 | D:12     | Reached XP level 15. HP: 71/91 MP: 15/15
 21520 | D:11     | Killed Josephine
 21915 | D:12     | Found a staircase to the Orcish Mines.
 21950 | D:12     | Acquired the +1 pair of boots of Autotheism {rF+ rC- Str+4
                  | SInv}
 22397 | D:12     | Reached skill level 10 in Shields
 22888 | D:12     | Received a gift from Trog
 24366 | D:13     | Noticed Jorgrun
 24376 | D:13     | Killed Jorgrun
 24962 | D:14     | Noticed Louise
 24984 | D:14     | Killed Louise
 25036 | D:14     | Noticed Rupert
 25053 | D:14     | Killed Rupert
 25207 | D:14     | Reached XP level 16. HP: 78/96 MP: 16/16
 25387 | D:14     | Reached skill level 15 in Shields
 25443 | D:14     | Found a gate to the Vaults.
 25456 | D:14     | Reached skill level 10 in Fighting
 25555 | D:14     | Noticed Frances
 25571 | D:14     | Killed Frances
 25981 | D:15     | Entered Level 15 of the Dungeon
 26053 | D:15     | Reached skill level 10 in Armour
 26264 | D:15     | Noticed Harold
 26265 | D:15     | Noticed Urug
 26274 | D:15     | Killed Harold
 26279 | D:15     | Killed Urug
 27032 | D:15     | Found a staircase to the Depths.
 27535 | Orc:1    | Entered Level 1 of the Orcish Mines
 27630 | Orc:1    | Paralysed by an orc sorcerer for 7 turns
 27717 | Orc:1    | Found Zageb's CLEARANCE SALE!.
 27827 | Orc:2    | Entered Level 2 of the Orcish Mines
 27835 | Orc:2    | Found a staircase to the Elven Halls.
 27980 | Orc:2    | Noticed Saint Roka
 28009 | Orc:2    | Killed Saint Roka
 28952 | Orc:2    | Received a gift from Trog
 30083 | Orc:2    | Found Cahua's Antique Weapon Shop.
 30083 | Orc:2    | Found Qilank's Assorted Antiques.
 30084 | Orc:2    | Found Liqiass's General Store.
 30088 | Orc:2    | Found Woim's Magic Scroll Boutique.
 30092 | Orc:2    | Bought a scroll of magic mapping for 35 gold pieces
 30092 | Orc:2    | Bought a scroll of magic mapping for 35 gold pieces
 30127 | Orc:2    | Bought a tin of tremorstones (2/2) for 1440 gold pieces
 30317 | Swamp:1  | Entered Level 1 of the Swamp
 30802 | Swamp:1  | Reached XP level 17. HP: 108/108 MP: 17/17
 31444 | Swamp:2  | Paralysed by a fenstrider witch for 4 turns
 31943 | Swamp:2  | Found a shimmering altar of Xom.
 32213 | Swamp:2  | Identified the +5 great mace of Infinite Pain {pain, rElec
                  | rCorr SInv Stlth-}
 32632 | Swamp:3  | Reached skill level 1 in Stealth
 32966 | Swamp:3  | Reached ****** piety under Trog
 33258 | Swamp:4  | Entered Level 4 of the Swamp
 33278 | Swamp:3  | Received a gift from Trog
 34453 | Swamp:4  | Noticed a tentacled monstrosity
 34469 | Swamp:4  | Killed a tentacled monstrosity
 34504 | Swamp:4  | Noticed a tentacled monstrosity
 34515 | Swamp:4  | Killed a tentacled monstrosity
 34518 | Swamp:4  | Noticed a tentacled monstrosity
 34531 | Swamp:4  | Killed a tentacled monstrosity
 34532 | Swamp:4  | Reached skill level 5 in Stealth
 34739 | Swamp:4  | Got a decaying rune of Zot
 34988 | Swamp:4  | Identified the ring "Acsoyg" {rElec rF+++ rC- SInv}
 35500 | Snake:1  | Entered Level 1 of the Snake Pit
 35519 | Snake:1  | Received a gift from Trog
 35876 | Snake:1  | Reached XP level 18. HP: 95/118 MP: 18/18
 36031 | Snake:1  | Reached skill level 15 in Fighting
 36250 | Snake:1  | Found Paow's General Store.
 36852 | Snake:2  | Identified the +2 mace of the Arena {venom, rF- Str+5}
 37564 | Snake:2  | Received a gift from Trog
 37938 | Snake:3  | Noticed Aizul
 37947 | Snake:3  | Killed Aizul
 38630 | Snake:4  | Entered Level 4 of the Snake Pit
 39368 | Snake:4  | Received a gift from Trog
 39785 | Snake:4  | Identified the +4 kite shield of Cheibriados's Reproof {rC+
                  | Regen+ Int+7 Dex-5 Slay-4}
 39785 | Snake:4  | Noticed Donald
 39806 | Snake:4  | Killed Donald
 40099 | Snake:4  | Noticed Vashnia
 40113 | Snake:4  | Reached skill level 15 in Armour
 40188 | Snake:4  | Killed Vashnia
 40475 | Snake:4  | Reached XP level 19. HP: 125/125 MP: 19/19
 40780 | Snake:4  | Got a serpentine rune of Zot
 40829 | Snake:4  | Found Giyx Nuo's Book Shoppe.
 40829 | Snake:4  | Found Gilics's Jewellery Boutique.
 40830 | Snake:4  | Found Jotin's Jewellery Boutique.
 41116 | Vaults:1 | Entered Level 1 of the Vaults
 41460 | Vaults:1 | Received a gift from Trog
 41695 | Vaults:1 | Reached skill level 15 in Throwing
 42067 | Vaults:1 | Found Ygumawel's Weapon Emporium.
 42322 | Vaults:1 | Received a gift from Trog
 43924 | Vaults:2 | Identified the +5 hunting sling "Beastbane" {venom, rElec
                  | rPois rCorr Int-5}
 44048 | Vaults:2 | Received a gift from Trog
 44783 | Vaults:2 | Reached XP level 20. HP: 100/132 MP: 20/20
 45227 | Vaults:2 | Paralysed by a vampire knight for 7 turns
 45232 | Vaults:2 | Mangled by a phantasmal warrior

Illustrated notes

Levels and vault maps discovered:
D:1:      dpeg_arrival_rhombi, layout_basic, basic_ecumenical_altar
D:2:      layout_loops_corners, kennysheep_pointless_box, minmay_hedge_maze,
          uniq_crazy_yiuf_cottage
D:3:      layout_loops_ring
D:4:      layout_rooms, mainiacjoe_overflow_paths,
          nicolae_sif_muna_condensation, enter_ossuary_5
D:5:      layout_loops_ring, minmay_misc_feat_pillars, uniq_sigmund, uniq_edmund
D:6:      layout_cave_pools
D:7:      minmay_flawed_box, layout_loops_corners,
          nicolae_overflow_hidden_temple,
          nicolae_hepliaklqana_monster_ancestors, jmf_multi_god_temple2,
          minmay_temple_entry_slanted
D:8:      layout_cave_pools, overflow_temple_1_default,
          mainiacjoe_overflow_catwalk, erik_lair_island, minmay_joined_circles
D:9:      layout_small_grid, mainiacjoe_overflow_alcove_4,
          mainiacjoe_overflow_surrounded_room, kennysheep_mini, serial_shops,
          shop, kennysheep_decorative_pillar, uniq_maurice, uniq_maggie
D:10:     layout_rooms, old_standard_altar, kennysheep_slug_shrine
D:11:     layout_roguey, portal_ice_cave_rime, uniq_snorg
D:12:     minmay_the_grid_4x2 [minmay_the_grid_zigzag_pyramid,
          minmay_the_grid_large_cup, minmay_the_grid_minigrid_small,
          minmay_the_grid_slots, minmay_the_grid_x,
          minmay_the_grid_minigrid_medium, minmay_the_grid_paths,
          minmay_the_grid_prize_four_corners], layout_basic, zombieorc2_lemuel,
          lemuel_flamethrower_hall, uniq_josephine
D:13:     layout_small_grid, uniq_jorgrun
D:14:     layout_gridville, david_vaults_1, uniq_louise, uniq_rupert,
          uniq_frances
D:15:     gammafunk_depths_entry_grave, layout_long_grid, serial_bayou_shore_b,
          sword_in_stone
Lair:1:   layout_chaotic_city, grunt_megastairs_4, infiniplex_staircase_pool_2,
          serial_bayou_shore_b, lemuel_fruit_tree
Lair:2:   layout_chaotic_city, minmay_snake_entry_six_corridors,
          chequers_serial_rivers_micro_c, nicolae_quartered_pool_super,
          minivault_26
Lair:3:   layout_gridlike, minmay_swamp_entry_worms, grunt_megastairs_3,
          lemuel_fruit_fields
Lair:4:   layout_misc_corridors, gammafunk_ghost_wrathful_warriors,
          grunt_megastairs_5, uniq_kirke
Lair:5:   nzn_winding_woodlands_cross
          [nzn_winding_woodlands_5x15_pathside_ponds,
          nzn_winding_woodlands_5x15_split_checker,
          nzn_winding_woodlands_5x15_longhouse,
          nzn_winding_woodlands_5x15_twine,
          nzn_winding_woodlands_15x15_five_gardens], layout_regular_city,
          chequers_serial_rivers_room_b, st_stairs_8, bobbens_ice_dragon_lair
Lair:6:   grunt_lair_end_beastmaster, layout_regular_city,
          minmay_slime_entry_pillars, maelrawn_ghost_gauntlet_escape,
          chequers_serial_rivers_large_b, st_stairs_4
Swamp:1:  layout_falls_marsh, evilmike_swamp_ruin_rubble_1, swamp_pool2
Swamp:2:  layout_falls_marsh, lemuel_altar_in_water
Swamp:3:  layout_falls_marsh, nicolae_swamp_little_tower
Swamp:4:  swamp_fiery, layout_basic_swamp
Snake:1:  layout_gridlike, serial_shops, nicolae_shop_statue_plus,
          nicolae_snake_squiggles
Snake:2:  layout_grid_shapes, nicolae_snake_biting_tails
Snake:3:  layout_grid_shapes, uniq_aizul
Snake:4:  grunt_snake_rune_serpentine_throne, layout_onion_interference,
          minmay_shop_grove, uniq_vashnia, uniq_donald
Orc:1:    minmay_goldmine, layout_diamond_mine, nicolae_shop_clearance
Orc:2:    st_orc_mages, layout_diamond_mine, uniq_saint_roka, uniq_urug
Vaults:1: nicolae_vaults_sealed_display, vaults_standard_mumra_lines,
          dpeg_vaults_monster_box, vaults_room_grid, vaults_room_pool,
          vaults_room_door_ring, vaults_standard_mumra_enter_the_diamond,
          v_misc_29, ontoclasm_vaults_pinch, vaults_room_hallway,
          nicolae_vaults_alarming, v_misc_14, nicolae_vaults_specimen_jars,
          vaults_room_grid, layout_vaults_maze, serial_shops, shop_statue
Vaults:2: nicolae_vaults_little_squares_1, minmay_crypt_entry_simple_statues,
          v_misc_11, nicolae_vaults_rhombus_6, nicolae_vaults_display_case,
          v_misc_8, serial_ice_h, nicolae_vaults_little_squares_4,
          layout_vaults_quadrants

Skill      XL: |  1  2  3  4  5  6  7  8  9 10 11 12 13 14 15 16 17 18 19 |
---------------+----------------------------------------------------------+-----
Maces & Flails | 4 5 6 9 12 14 15 16 | 16.0
Armour         | 3 4 5 6 9 12 13 15 16 | 16.0
Fighting       | 4 5 6 9 12 14 16 | 16.5
Shields        | 4 5 9 14 15 | 15.6
Evocations     | 4 6 8 |  8.2
Throwing       | 4 9 12 13 14 16 | 16.0
Dodging        | 3 6 |  6.0
Stealth        | 5 |  5.9

Action                   |  1- 3 |  4- 6 |  7- 9 | 10-12 | 13-15 | 16-18 | 19-21 || total
-------------------------+-------+-------+-------+-------+-------+-------+-------++-------
Melee: Mace              |    60 |   145 |    99 |     4 |    14 |       |       ||   322
       Flail             |       |       |   135 |   476 |   506 |       |       ||  1117
       Morningstar       |       |       |       |       |   774 |  1199 |       ||  1973
       Eveningstar       |       |       |       |       |       |   446 |   502 ||   948
Throw: Stone             |    60 |       |     5 |       |    21 |    10 |    31 ||   127
       Dart              |       |       |       |    45 |     6 |     6 |     7 ||    64
       Boomerang         |       |       |       |       |       |   187 |       ||   187
       Javelin           |       |       |       |       |       |    10 |       ||    10
Invok: Berserk           |     1 |     2 |     6 |    14 |    32 |    27 |     4 ||    86
       Trog's Hand       |       |       |     3 |     3 |     8 |     4 |       ||    18
       Brothers in Arms  |       |       |       |     4 |     6 |     6 |     2 ||    18
Evoke: Wand              |       |       |       |    12 |       |     3 |       ||    15
       Condenser vane    |       |       |       |       |     1 |       |     1 ||     2
       Phial of floods   |       |       |       |       |       |     1 |     1 ||     2
  Use: Scroll            |       |     7 |     6 |    10 |    12 |     8 |       ||    43
       Potion            |       |       |       |       |     2 |     1 |       ||     3
 Stab: Distracted        |       |       |       |       |     2 |       |     1 ||     3
Armor: Ring mail         |    30 |     3 |       |       |       |       |       ||    33
       Plate armour      |       |   106 |    42 |       |       |       |       ||   148
       Chain mail        |       |       |   109 |   228 |   486 |       |       ||   823
       Crystal plate arm |       |       |       |       |   264 |   740 |   288 ||  1292
Dodge: Dodged            |    28 |    53 |    67 |   131 |   467 |   486 |   135 ||  1367
Block: Buckler           |       |       |       |    57 |   163 |       |       ||   220
       Kite shield       |       |       |       |       |   355 |   911 |   268 ||  1534
       Reflection        |       |       |       |       |     3 |       |       ||     3

Table legend: (Time is in decaauts)
 A = Elapsed time spent in this place.
 B = Non-inter-level travel time spent in this place.
 C = Inter-level travel time spent in this place.
 D = Time resting spent in this place.
 E = Time spent auto-exploring this place.
 F = Levels seen in this place.
 G = Mean time per level.
                   A        B        C        D        E       F      G
               +--------+--------+--------+--------+--------+-----+--------+
         Total |  44932 |  42353 |   2579 |   8698 |  25265 |  35 | 1283.8 |
       Dungeon |  16975 |  15721 |   1254 |   1869 |  10352 |  15 | 1131.7 |
          Lair |   9974 |   9465 |    509 |   2698 |   5385 |   6 | 1662.3 |
         Swamp |   4924 |   4720 |    204 |   1258 |   2520 |   4 | 1231.0 |
     Snake Pit |   5177 |   4858 |    319 |    700 |   3107 |   4 | 1294.2 |
  Orcish Mines |   2576 |   2379 |    197 |    465 |   1469 |   2 | 1288.0 |
        Vaults |   3620 |   3525 |     95 |    797 |   2146 |   2 | 1810.0 |
       Ossuary |    385 |    385 |      0 |     30 |    162 |   1 |  385.0 |
      Ice Cave |   1298 |   1298 |      0 |    878 |    122 |   1 | 1298.0 |
               +--------+--------+--------+--------+--------+-----+--------+

Top non-repeatable levels by time:
  Lair:6: 2692 daAuts
 Snake:4: 2158 daAuts
Vaults:1: 2083 daAuts
 Swamp:3: 2002 daAuts
   Orc:2: 1879 daAuts
    D:12: 1796 daAuts
  Lair:5: 1595 daAuts
Vaults:2: 1536 daAuts
  Lair:4: 1515 daAuts
    D:14: 1514 daAuts
    D:15: 1425 daAuts
  Lair:2: 1421 daAuts
  Lair:3: 1412 daAuts
    D:11: 1369 daAuts
  Lair:1: 1336 daAuts
